 Dungeon Crawl Stone Soup version 0.30.1-9-gdf580d7c3d (webtiles) character file.

Game seed: 8722821073707642681

42 bearlyready the Chopper (level 3, -3/30 HPs)
             Began as a Hill Orc Reaver on Oct 11, 2023.
             Succumbed to Sigmund's poison
             ... on level 2 of the Dungeon.
             The game lasted 00:01:27 (1324 turns).

bearlyready the Chopper (Hill Orc Reaver)           Turns: 1324, Time: 00:01:27

Health: -3/30      AC:  3    Str: 16    XL:     3   Next: 56%
Magic:  5/5        EV: 11    Int: 13    God:
Gold:   91         SH:  0    Dex:  9    Spells: 4/5 levels left

rFire   . . .        a - +0 hand axe
rCold   . . .        (no shield)
rNeg    . . .        b - +0 leather armour
rPois   .            (no helmet)
rElec   .            (no cloak)
rCorr   .            (no gloves)
SInv    .            (no boots)
Will    .....        (no amulet)
Stlth   +            (no ring)
HPRegen 0.25/turn    (no ring)
MPRegen 0.09/turn

%: no passive effects
@: lethally poisoned (-3 -> -36)
A: no striking features
a: no special abilities


You were on level 2 of the Dungeon.
You visited 1 branch of the dungeon, and saw 2 of its levels.

You collected 91 gold pieces.

Inventory:

Hand Weapons
 a - a +0 hand axe (weapon)
 f - a +0 sling
Missiles
 k - 8 boomerangs
Armour
 b - a +0 leather armour (worn)
 c - a +0 ring mail
 g - a +0 buckler
Jewellery
 p - a +5 ring of evasion
Scrolls
 d - 2 scrolls of identify {unknown}
 e - a scroll of torment {unknown}
 j - a scroll of amnesia {unknown}
 o - 2 scrolls of teleportation {unknown}
Potions
 h - 2 potions of attraction {unknown}
 i - 2 potions of brilliance {unknown}
 l - a potion of lignification {unknown}
 m - 2 potions of heal wounds {unknown}
 n - a potion of mutation {unknown}


   Skills:
 - Level 2.4 Fighting
 + Level 6.0 Axes
 - Level 1.5 Dodging
 - Level 1.5 Spellcasting
 - Level 3.0 Conjurations


You had 4 spell levels left.
You knew the following spells:

 Your Spells              Type           Power      Damage    Failure   Level
a - Kiss of Death         Conj/Necr      16%        2d6       19%         1

Your spell library contained the following spells:

 Spells                   Type           Power      Damage    Failure   Level
 Magic Dart               Conj           32%        1d4       10%         1
 Searing Ray              Conj           16%        2d5       14%         2
 Momentum Strike          Conj/Tloc      8%         3d8       26%         2
 Hailstorm                Conj/Ice       4%         3d4       47%         3
 Fulminant Prism          Conj/Hex       2%         3d5       87%         4
 Summon Lightning Spire   Summ/Air       1%         N/A       97%         4
 Storm Form               Tmut/Air       0%         N/A       100%        7
 Maxwell's Capacitive Co  Air            0%         ∞         100%        8


Dungeon Overview and Level Annotations

Branches:
Dungeon (2/15)

Altars:

Shops:
D:2 [

Annotations:
D:2 Sigmund


Message History

h - 2 grey potions (gained 1)
Found a stone staircase leading down.
Sigmund the Dreaded comes into view.
He is wielding a +1 scythe of venom.
Sigmund shouts!
Sigmund drinks a potion.
Sigmund seems to speed up.
Sigmund casts a spell at you. The puff of flame hits you.
Sigmund casts a spell.
Sigmund flickers and vanishes!
Deactivating autopickup; reactivate with Ctrl-A.
You see here a scroll labelled LIOZO MEITRO.
No target in view!
No target in view!
No target in view!
No target in view!
No target in view!
No target in view!
No target in view!
No target in view!
No target in view!
No target in view!
No target in view!
No target in view!
You hear some strange, mumbled words.
Something tries to affect you, but you resist.
Something hits you.
You are poisoned.
There is a stone staircase leading down here.
You miss something.
You feel very sick. Something hits you!
You are lethally poisoned!
You closely miss something.
* * * LOW HITPOINT WARNING * * *
You feel very sick. Something hits you.
* * * LOW HITPOINT WARNING * * *
You are more poisoned.
You miss something.
You die...

###..>.#.########...####.........
##.#.#.# ##..# ##.......# #.#.#.#
..... ##.....## #.#>#.# ## .....#
##...## #.#.#.# #. .....# ##'##
#.....# #.#.....# #.# ######.###
#. ....# #.# ...# #.#
####.############.## ##.# #.#
#...{@?............### ...# #.#
#.##.....######....... ##)# #.#
####.## ##...### ##.###.# ...#
##.## .......# ##### ### ##.#####
##.# ...# ####


There were no monsters in sight!

Vanquished Creatures
  3 worms (D:2)
  2 endoplasms
  3 giant cockroaches
  5 goblins
  2 hobgoblins
  3 ball pythons
  4 bats
  3 frilled lizards
  5 kobolds
  4 rats
34 creatures vanquished.

Notes
Turn   | Place    | Note
-------+----------+-------------------------------------------
     0 | D:1      | bearlyready the Hill Orc Reaver began the quest for the
                  | Orb.
     0 | D:1      | Reached XP level 1. HP: 18/18 MP: 3/3
   319 | D:1      | Reached XP level 2. HP: 25/25 MP: 4/4
   564 | D:1      | Reached skill level 5 in Axes
   772 | D:2      | Reached XP level 3. HP: 20/30 MP: 5/5
   972 | D:2      | Found Voenu's Antique Armour Shop.
  1290 | D:2      | Reached skill level 6 in Axes
  1317 | D:2      | Noticed Sigmund
  1324 | D:2      | Succumbed to Sigmund's poison

Illustrated notes

Levels and vault maps discovered:
D:1:      minmay_arrival_open_corners, layout_loops_ring
D:2:      layout_loops_corners, serial_shops, nicolae_shop_trees, uniq_sigmund

Skill      XL: |  1  2  3 |
---------------+----------+-----
Axes           | 5 6 |  6.0
Fighting       | |  2.4
Dodging        | |  1.5
Spellcasting   | |  1.5
Conjurations   | |  3.0

Action                     || total
---------------------------++-------
  Melee: Hand axe          ||   113
         Punch             ||     1
 Armour: Leather armour    ||    21
  Dodge: Dodged            ||    59
